Map: Triton LE

Players

RagnaroK (SHIN) - Winner!

  • Race: Zerg Zerg
  • Spawn Location: 5:00

uThermal

  • Race: Terran Terran
  • Spawn Location: 11:00

Event: IEM Katowice 2020

VOD

Have the link to the VOD?

Description

Time

  • Played on: Feb. 25, 2020, 1:56 p.m.
  • Length: 10:58

All games in this series

Show
View Real Time Build Order
Export as new Build Order

RagnaroK Zerg - Winner!

Build Orders: Hatch First, Muta Ling Bane 

Get SALT Encoding   

  12  0:00  Drone  
  13  0:12  Overlord  
  13  0:16  Drone  
  14  0:31  Drone x2  
  16  0:47  Hatchery  
  15  0:51  Drone  
  15  0:55  Drone  
  17  0:59  Drone  
  18  1:09  Extractor  
  17  1:13  Spawning Pool  
  17  1:15  Drone  
  17  1:19  Drone  
  18  1:28  Drone  
  19  1:40  Drone  
  20  1:49  Overlord  
  20  1:59  Queen x2  
  20  2:00  Zergling x4  
  26  2:10  Zergling x2  
  26  2:13  Drone  
  28  2:20  Metabolic Boost  
  28  2:21  Drone  
  29  2:24  Drone  
  30  2:32  Drone  
  30  2:33  Drone  
  30  2:35  Queen  
  34  2:43  Drone  
  35  2:45  Overlord  
  35  2:52  Drone  
  35  2:58  Overlord  
  36  3:04  Drone x2  
  38  3:08  Drone x2  
  38  3:09  Drone  
  38  3:11  Queen  
  43  3:20  Hatchery  
  43  3:23  Drone x2  
  44  3:31  Drone x2  
  46  3:35  Overlord  
  46  3:40  Drone x3  
  49  3:43  Overlord  
  49  3:44  Drone x2  
  51  3:49  Overlord  
  51  3:51  Drone  
  51  3:53  Queen  
  54  3:58  Overlord  
  54  4:03  Zergling x2  
  54  4:04  Extractor  
  54  4:06  Baneling Nest  
  52  4:11  Zergling x6  
  52  4:13  Zergling x2  
  52  4:15  Spore Crawler  
  55  4:21  Drone x4  
  55  4:23  Drone  
  60  4:25  Drone  
  60  4:29  Queen  
  63  4:33  Drone  
  63  4:34  Drone  
  63  4:36  Queen  
  63  4:38  Spore Crawler  
  66  4:41  Zergling x2  
  66  4:43  Zergling x2  
  66  4:44  Spore Crawler  
  66  4:45  Drone x4  
  71  4:48  Lair  
  71  4:51  Drone  
  72  4:54  Overlord  
  72  4:55  Drone  
  73  5:00  Drone  
  73  5:02  Drone x3  
  73  5:04  Drone  
  77  5:07  Drone  
  77  5:13  Extractor, Drone x2  
  77  5:14  Drone x2  
  78  5:15  Drone x3  
  78  5:17  Drone x2  
  78  5:20  Extractor  
  82  5:23  Drone, Evolution Chamber  
  82  5:24  Evolution Chamber  
  82  5:28  Drone  
  82  5:33  Spore Crawler, Overlord  
  82  5:34  Drone  
  82  5:37  Overlord  
  82  5:38  Drone x2  
  82  5:41  Overlord  
  84  5:44  Zergling x2  
  84  5:47  Centrifical Hooks  
  84  5:48  Overseer  
  84  5:51  Zergling x6  
  84  5:54  Drone x5  
  91  5:58  Drone  
  91  6:00  Extractor x2  
  91  6:01  Drone x2  
  91  6:08  Zerg Ground Armor Level 1, Zerg Melee Weapons Level 1  
  90  6:13  Drone  
  90  6:14  Drone  
  90  6:16  Hatchery  
  90  6:17  Drone x2  
  93  6:21  Zergling x6  
  96  6:27  Spire  
  96  6:28  Drone x2  
  96  6:30  Zergling x6  
  100  6:33  Baneling x5  
  100  6:37  Overlord  
  100  6:40  Baneling x5  
  100  6:41  Zergling x2  
  100  6:42  Zergling x2  
  100  6:44  Overlord  
  100  6:46  Zergling x4  
  104  6:54  Overlord  
  104  6:57  Zergling x14  
  111  7:04  Baneling  
  111  7:05  Baneling  
  111  7:07  Drone x2  
  111  7:08  Overlord  
  111  7:11  Drone  
  111  7:12  Zergling x4  
  113  7:22  Baneling x3  
  111  7:30  Drone x3  
  112  7:39  Mutalisk x10  
  112  7:40  Zergling x2  
  112  7:41  Zergling x2  
  133  7:45  Drone x3  
  133  7:49  Zerg Flyer Weapons Level 1  
  133  7:51  Overlord  
  135  7:54  Drone  
  135  7:58  Drone x4  
  138  8:01  Drone x3  
  140  8:08  Zerg Melee Weapons Level 2, Zerg Ground Armor Level 2  
  140  8:09  Overlord  
  140  8:10  Zergling x18  
  144  8:20  Drone x2  
  144  8:21  Zergling x4  
  144  8:25  Mutalisk x2  
  152  8:27  Hatchery  
  144  8:35  Zergling x8  
  144  8:38  Mutalisk  
  144  8:40  Zergling x2  
  144  8:41  Zergling x2  
  151  8:42  Infestation Pit  
  151  8:43  Overlord  
  151  8:46  Drone x2  
  151  8:48  Extractor  
  151  8:53  Zergling x12  
  151  8:56  Baneling x15  
  151  8:59  Zergling x4  
  151  9:02  Baneling x4  
  153  9:05  Overlord x2  
  153  9:08  Zergling x6  
  153  9:09  Zergling x2  
  157  9:12  Pneumatized Carapace  
  157  9:13  Zergling x2  
  157  9:16  Baneling x5  
  158  9:19  Drone x3  
  158  9:22  Drone  
  162  9:25  Hive  
  162  9:27  Zergling x14  
  169  9:32  Drone x2  
  171  9:39  Zergling x18  
  180  9:46  Overseer  
  180  9:48  Baneling  
  180  9:49  Baneling x15  
  180  9:54  Zergling x2  
  180  9:55  Zergling x18  
  180  9:57  Spore Crawler, Spine Crawler  
  180  9:59  Drone x3  
  191  10:02  Overlord  
  191  10:03  Zergling x8  
  191  10:05  Extractor  
  179  10:16  Zergling x18  
  187  10:24  Baneling x26  
  187  10:27  Zergling x24  
  199  10:29  Baneling  
  199  10:30  Baneling x3  
  199  10:32  Zergling x2  
  199  10:33  Zergling x4  
  194  10:40  Zergling x16  
Show
View Real Time Build Order
Export as new Build Order

uThermal Terran 

Build Orders: Reaper Expand, Hellion Banshee 

Get SALT Encoding   

  12  0:01  SCV  
  13  0:13  SCV  
  14  0:16  Supply Depot  
  14  0:25  SCV  
  15  0:38  SCV  
  15  0:39  Barracks  
  16  0:42  Refinery  
  16  0:50  SCV  
  17  1:02  SCV  
  18  1:14  SCV  
  19  1:26  Orbital Command, Reaper  
  20  1:38  Command Center  
  20  1:48  Supply Depot  
  20  1:52  SCV  
  21  1:58  Marine  
  22  2:04  SCV  
  22  2:07  Factory  
  23  2:13  Refinery  
  23  2:16  SCV  
  23  2:19  Barracks Reactor  
  24  2:28  SCV  
  25  2:40  SCV  
  26  2:52  Orbital Command  
  26  2:53  SCV, Starport  
  27  3:01  Hellion x2  
  27  3:03  Barracks Tech Lab  
  27  3:05  SCV  
  32  3:13  Supply Depot  
  32  3:17  SCV  
  32  3:18  SCV  
  34  3:22  Hellion  
  34  3:23  Hellion  
  38  3:29  SCV  
  38  3:30  SCV  
  40  3:35  Cloaking Field, Banshee  
  44  3:41  SCV  
  44  3:46  Hellion  
  44  3:47  Hellion  
  48  3:53  SCV x2  
  48  3:54  Supply Depot  
  50  4:08  SCV, Command Center  
  50  4:09  SCV  
  52  4:16  Barracks Tech Lab  
  52  4:17  Supply Depot  
  52  4:19  Banshee  
  52  4:22  SCV  
  56  4:24  SCV, Factory Reactor  
  56  4:31  Barracks  
  57  4:34  SCV  
  57  4:37  Marine, Barracks  
  59  4:38  Stimpack  
  59  4:42  SCV  
  60  4:46  SCV  
  61  4:53  Engineering Bay x2  
  61  4:54  SCV  
  61  4:55  Marine  
  61  4:58  SCV  
  64  5:05  Refinery  
  64  5:06  SCV, Refinery  
  65  5:10  SCV  
  65  5:13  Marine  
  67  5:14  Siege Tank  
  67  5:15  Starport Reactor  
  67  5:19  Supply Depot  
  67  5:20  Marine x2, SCV  
  73  5:22  SCV  
  74  5:29  SCV  
  74  5:35  Marine  
  76  5:36  Terran Infantry Weapons Level 1, Terran Infantry Armor Level 1  
  76  5:38  SCV  
  76  5:39  Marine x2  
  76  5:40  Supply Depot  
  76  5:41  Marine  
  80  5:44  SCV  
  80  5:49  Marine  
  82  5:50  SCV  
  82  5:52  Siege Tank  
  82  5:53  Marine  
  87  5:57  Marine, Medivac  
  87  6:00  Marine x2  
  87  6:02  SCV x2  
  94  6:08  Orbital Command  
  95  6:14  SCV  
  95  6:17  Supply Depot  
  95  6:18  Medivac  
  95  6:19  Marine  
  95  6:25  Marine, Barracks  
  95  6:27  Marine  
  95  6:28  Barracks  
  95  6:31  Combat Shield  
  97  6:34  SCV x2  
  97  6:36  Marine x2  
  97  6:37  Supply Depot  
  97  6:38  Marine  
  102  6:42  SCV  
  102  6:44  Marine, Armory  
  102  6:45  Marine  
  105  6:47  Supply Depot, Medivac  
  105  6:49  SCV  
  105  6:50  SCV  
  109  6:56  Refinery  
  109  6:58  SCV, Medivac, Supply Depot  
  109  7:01  Marine x2, SCV, Supply Depot  
  113  7:03  Marine, SCV  
  117  7:08  Marine  
  117  7:10  SCV  
  117  7:12  Supply Depot  
  117  7:13  SCV  
  121  7:17  SCV, Factory Reactor  
  121  7:21  Marine x2  
  121  7:22  Marine, SCV  
  121  7:25  Barracks Reactor x2  
  121  7:26  SCV, Command Center  
  121  7:29  SCV, Marine  
  123  7:32  Factory  
  123  7:35  Terran Infantry Weapons Level 2  
  123  7:38  Terran Infantry Armor Level 2  
  123  7:40  SCV  
  123  7:42  Marine x2  
  123  7:44  Marine, Terran Vehicle And Ship Armor Level 1  
  126  7:47  Marine  
  126  7:49  SCV  
  126  7:50  Missile Turret  
  126  7:51  Marine  
  130  7:56  Missile Turret  
  130  7:59  Marine, Widow Mine  
  130  8:00  Marine, Widow Mine  
  130  8:02  Marine  
  137  8:07  Marine, Supply Depot, Missile Turret  
  137  8:08  Supply Depot  
  137  8:11  Marine, Medivac  
  141  8:14  Medivac  
  141  8:19  Marine x2  
  144  8:26  Thor, Drilling Claws  
  148  8:29  Widow Mine  
  144  8:37  Marine x3  
  139  8:43  Marine x2, Medivac x2, Widow Mine  
  139  8:45  Marine  
  148  8:51  Marine  
  148  8:53  Missile Turret  
  148  8:54  Widow Mine  
  148  8:55  Marine x2  
  142  8:57  SCV x3  
  142  9:02  Marine x2  
  149  9:04  Widow Mine  
  149  9:06  Marine x2  
  149  9:09  Marine, SCV  
  155  9:11  Marine  
  155  9:13  Marine, Medivac  
  155  9:17  Marine x2, Medivac  
  161  9:18  Widow Mine  
  161  9:19  SCV x2  
  161  9:22  Planetary Fortress  
  167  9:24  Widow Mine  
  167  9:26  Widow Mine  
  167  9:27  Marine x3, Supply Depot x2  
  174  9:37  Marine  
  173  9:38  Command Center  
  173  9:39  Marine  
  173  9:41  SCV, Supply Depot  
  173  9:44  Marine  
  173  9:45  Widow Mine  
  178  9:47  Marine  
  178  9:50  SCV  
  178  9:51  Marine x2, Supply Depot  
  182  9:54  Marine x3, Widow Mine  
  187  10:07  Marine  
  187  10:10  Sensor Tower  
  187  10:18  Marine x4, Widow Mine, Command Center  
  187  10:19  Marine  
  194  10:22  Widow Mine  
  194  10:25  Marine  
  197  10:31  Widow Mine  
  197  10:34  Marine x3  
  194  10:35  Marine  
  194  10:36  Marine  

Tags
 
Add a new tag
Caveats
  • Supply blocks, unpowered buildings, or Contaminate may cause inaccurate times.
  • Supply counts are checked every 10 seconds.